 Dungeon Crawl Stone Soup version 0.30-a0-39-g42789b21ef (webtiles) character file.

Game seed: 9650236592552884511

40319 flotson the Fighter (level 13, 0/103 HPs)
             Began as a Demonspawn Delver on Aug 28, 2022.
             Was an Initiate of Gozag.
             Slain by an elephant (7 damage)
             ... on level 5 of the Lair of Beasts.
             The game lasted 00:32:58 (13403 turns).

flotson the Fighter (Demonspawn Delver)            Turns: 13403, Time: 00:33:00

Health: 0/103      AC: 13    Str: 16    XL:     13   Next: 74%
Magic:  13/13      EV: 24    Int: 12    God:    Gozag
Gold:   3662       SH: 11    Dex: 19    Spells: 12/12 levels left

rFire   . . .      SeeInvis .    a - +3 club (spect)
rCold   . . .      Faith    .    U - +0 kite shield
rNeg    . . .      Spirit   .    O - +1 leather armour {Will+}
rPois   .          Reflect  .    z - +1 hat
rElec   .          Harm     .    i - +0 cloak
rCorr   .          Rampage  .    Y - +1 pair of gloves {Dex+3}
Will    +....                    (no boots)
Stlth   +++.......               h - amulet of regeneration
HPRegen 1.07/turn                w - +4 ring of evasion
MPRegen 0.13/turn                y - +4 ring of evasion

@: gold aura
A: hooves 2, demonic guardian 3, spiny 1, sharp scales 3
a: Renounce Religion, Potion Petition, Call Merchant, Bribe Branch


You were on level 5 of the Lair of Beasts.
You worshipped Gozag.
Gozag was most pleased with you.
You visited 3 branches of the dungeon, and saw 16 of its levels.
You also visited: Bailey.

You collected 3710 gold pieces.
You paid 48 gold pieces to Gozag.

Inventory:

Hand Weapons
 a - a +3 spectral club (weapon)
 b - a +0 sling of flaming
 j - a +0 trident
Missiles
 m - 10 poisoned darts
 o - 9 boomerangs (quivered)
 E - a curare-tipped dart
Armour
 i - a +0 cloak (worn)
 z - a +1 hat (worn)
 D - a +0 scale mail of positive energy
 O - a +1 leather armour of willpower (worn)
 U - a +0 kite shield (worn)
 Y - a +1 pair of gloves of dexterity (worn)
Jewellery
 h - an amulet of regeneration (around neck)
 t - a +6 ring of dexterity
 w - a +4 ring of evasion (left hand)
 y - a +4 ring of evasion (right hand)
 J - a ring of protection from cold
 W - a ring of flight
Wands
 g - a wand of digging (1)
 C - a wand of charming (18)
 F - a wand of light (1)
 I - a wand of flame (6)
Scrolls
 c - 3 scrolls of fog
 d - a scroll of magic mapping
 f - 3 scrolls of enchant weapon
 p - 2 scrolls of torment {unknown}
 q - 6 scrolls of poison
 s - 3 scrolls of blinking {unknown}
 u - 3 scrolls of vulnerability {unknown}
 v - 2 scrolls of teleportation
 A - 2 scrolls of brand weapon
 B - 7 scrolls of enchant armour
 G - 4 scrolls of amnesia {unknown}
 H - 5 scrolls of summoning
 K - 4 scrolls of immolation {unknown}
 L - 4 scrolls of noise {unknown}
Potions
 k - a potion of cancellation
 l - 4 potions of attraction
 n - 4 potions of mutation
 r - a potion of lignification
 M - 2 potions of might
 N - 2 potions of ambrosia
 Q - 6 potions of heal wounds
 R - 3 potions of invisibility
 S - a potion of haste
 T - a potion of experience {unknown}
 V - 8 potions of curing
 X - a potion of resistance
Miscellaneous
 x - a phantom mirror
 P - a phial of floods


   Skills:
 + Level 10.0 Fighting
 + Level 9.0 Axes
 + Level 8.6 Throwing
 + Level 8.8 Armour
 + Level 9.0 Dodging
 - Level 4.5 Stealth
 + Level 6.7 Shields
 + Level 9.5 Evocations


You had 12 spell levels left.
You didn't know any spells.
Your spell library contained the following spells:

 Spells                   Type           Power      Damage    Failure   Level
 Beastly Appendage        Tmut           0%         N/A       71%         1
 Necrotise                Necr           0%         1d4       71%         1
 Sandblast                Erth           0%         2d4       71%         1
 Slow                     Hex            0%         N/A       71%         1
 Blink                    Tloc           0%         N/A       83%         2
 Passwall                 Tmut/Erth      0%         N/A       83%         2
 Poisonous Vapours        Pois/Air       0%         N/A       83%         2
 Wereblood                Tmut           0%         N/A       83%         2
 Confusing Touch          Hex            0%         N/A       97%         3
 Frozen Ramparts          Ice            0%         1d1       97%         3
 Ignite Poison            Fire/Tmut/Pois 0%         N/A       97%         3
 Mephitic Cloud           Conj/Pois/Air  0%         N/A       97%         3
 Spider Form              Tmut/Pois      0%         N/A       97%         3
 Stone Arrow              Conj/Erth      0%         3d7       97%         3
 Vampiric Draining        Necr           0%         2d6       97%         3
 Anguish                  Hex/Necr       0%         N/A       100%        4
 Ice Form                 Ice/Tmut       0%         N/A       100%        4
 Olgreb's Toxic Radiance  Pois           0%         N/A       100%        4
 Summon Ice Beast         Ice/Summ       0%         N/A       100%        4
 Agony                    Necr           0%         N/A       100%        5
 Freezing Cloud           Conj/Ice/Air   0%         6-21      100%        5
 Manifold Assault         Tloc           0%         N/A       100%        5
 Summon Forest            Summ/Tloc      0%         N/A       100%        5
 Summon Mana Viper        Hex/Summ       0%         N/A       100%        5
 Summon Cactus Giant      Summ           0%         N/A       100%        6
 Enfeeble                 Hex            0%         N/A       100%        7
 Ozocubu's Refrigeration  Ice            0%         4d7       100%        7
 Storm Form               Tmut/Air       0%         N/A       100%        7
 Ignition                 Fire           0%         3d3       100%        8
 Corpse Rot               Necr/Pois/Air  Unusable   N/A       N/A         4

Dungeon Overview and Level Annotations

Branches:
Dungeon (10/15)            Temple (1/1) D:4            Lair (5/5) D:9
 Shoals (0/4) Lair:2       Spider (0/4) Lair:3        Slime (0/5) Lair:4
 Bailey (visited)
    Orc: D:9-12

Altars:
Ashenzari
Cheibriados
Dithmenos
Fedhas
Gozag
Makhleb
Nemelex Xobeh
Okawaru
Qazlal
Trog
Uskayaw
Vehumet
Wu Jian
Xom
Yredelemnul
Jiyva

Shops:
D:2 [   D:9 *

Portals:
Gauntlet: Lair:5

Annotations:
Lair:1 2 transporters, exclusion: 3 oklob plants
Lair:2 PyroL's ghost, journeyman BaFi
Lair:4 exclusion: oklob plant


Innate Abilities, Weirdness & Mutations

You have hoof-like feet.
A powerful demonic guardian rushes to your aid.
You are partially covered in sharp spines.
You are completely covered in razor-sharp scales. (AC +3, Slay +3)


Message History

You block the komodo dragon's attack.
The merfolk avatar chants a haunting song.
You resist with almost no effort.
You swap places.
The komodo dragon bites you!! The elephant completely misses you.
You block the elephant's attack. The wyvern attacks as you move away!
You block the wyvern's attack.
The komodo dragon attacks as you move away!
The komodo dragon bites you!!
* * * LOW HITPOINT WARNING * * *
The komodo dragon is distracted by your dazzling golden aura.
You block the wyvern's attack. The elephant closely misses you.
The elephant trunk-slaps you but does no damage.
As you read the scroll of fear, it crumbles to dust.
You assume a fearsome visage.
The merfolk avatar resists with some effort.
The wyvern looks frightened!
The harpy looks frightened!
The elephant easily resists.
The komodo dragon looks frightened! x2
The komodo dragon hisses angrily.
The water moccasin looks frightened!
The harpy is distracted by your dazzling golden aura.
The water moccasin bites the plant.
The plant begins to die.
The plant is poisoned.
The water moccasin poisons the plant!
The elephant is struck by your spines. The elephant tramples you!
* * * LOW HITPOINT WARNING * * *
A demonic guardian appears!
You hold your ground!
The elephant trunk-slaps you but does no damage.
The harpy screeches!
You hear a trumpeting!
The water moccasin bites the plant.
Cornered, the water moccasin turns to fight!
The elephant attacks as you move away! The elephant misses you.
You block the elephant's attack.
Your hell beast bites the komodo dragon!!
Your hell beast tramples the komodo dragon.
The komodo dragon stumbles backwards!
Your hell beast's attack snaps the komodo dragon out of its fear.
The elephant attacks as you move away! The elephant is struck by your spines.
The elephant tramples you!
You die...
Your body crumbles into a pile of gold.

,,~~~*~~~~#~~#~~~##~~~~.....#
.~~~,~~~~~~~~~~~~~~~l~~~...##
~#*~~~*~~*#~~##~.##~~##~...##
.##~~#~S~##~~~~~~~~~~P#.....###**
...~~.~.~~~...~.~~2~$~Hm......#,*
#*#......#~.....#..S.l#F........#
###PY..P#**.#.......#.##........#
##.S....##.$#......#####P......##
.#.P....#......∩@Y..# ##......#
§.................P##* #.#..###
.............#......P# *##.##
###.......#.*#P......# **#
§#.....l.##**#P......#*
##.......#* ##.......# ##....?..#
*........#* #......## *.........*
##......# **,*,,,,,**


You could see a merfolk avatar, an elephant, a komodo dragon (fleeing), a harpy
(fleeing), a water moccasin, a wyvern (fleeing) and a friendly hell beast
(summoned).

Vanquished Creatures
  2 hydras (Lair:4)
  A two-headed ogre (D:9)
  2 death yaks (Lair:1)
  A sea snake (Lair:5)
  2 orc knights (Bailey)
  A harpy (Lair:5)
  A manticore (D:7)
  3 black mambas
  Joseph (D:9)
  11 elephants
  7 cane toads
  7 komodo dragons
  4 rime drakes
  A polar bear (Lair:2)
  8 blink frogs (Lair:3)
  A shadow (D:7)
  3 wyverns
  A jumping spider (Lair:3)
  A wraith (D:10)
  Menkaure (D:7)
  A steam dragon (D:7)
  4 basilisks
  43 yaks
  3 vampire mosquitoes (D:10)
  10 water moccasins
  6 orc warriors (Bailey)
  An ice beast (D:7)
  A black bear (D:6)
  An ogre (D:7)
  4 centaurs
  14 wolves
  A phantom (D:5)
  6 bullfrogs
  A necrophage (D:5)
  A gnoll sergeant (D:10)
  A scorpion (D:6)
  13 wights
  6 killer bees (D:7)
  An electric eel (Lair:2)
  A howler monkey (D:9)
  3 jellies (Lair:4)
  An orc priest (D:9)
  Crazy Yiuf (D:7)
  3 hounds
  2 gnoll boudas
  Ijyb (D:5)
  6 iguanas
  8 orc wizards
  12 gnolls
  5 adders
  3 white imps
  2 ufetubi
  A worm (D:4)
  2 dart slugs
  40 orcs
  9 endoplasms
  10 giant cockroaches
  4 hobgoblins
  4 jackals (D:4)
  3 quokkas
  2 ball pythons
  6 bats
  7 frilled lizards
  5 goblins
  2 goblin skeletons (D:8)
  A goblin zombie (D:8)
  2 hobgoblin zombies (D:8)
  2 kobold skeletons (D:8)
  A kobold zombie (D:8)
  6 orc zombies (D:8)
  6 rats
338 creatures vanquished.

Vanquished Creatures (collateral kills)
  Gastronok (D:9)
  A catoblepas (Lair:2)
  7 death yaks (Lair:1)
  3 elephants
  A cane toad (Lair:5)
  A rime drake (Lair:5)
  A komodo dragon (Lair:4)
  A troll (D:10)
  A polar bear (Lair:3)
  A yak (D:9)
  2 culicivoras (Lair:3)
  Sigmund (D:4)
  2 vampires (D:10)
  A black bear (D:4)
  7 wolves
  2 electric eels (Lair:2)
  An iguana (D:4)
  An orc wizard (D:9)
  An adder (D:4)
  3 orcs
  A bat (D:3)
  A quokka (D:1)
41 creatures vanquished.

Vanquished Creatures (others)
  20 fungi
  45 plants
65 creatures vanquished.

Grand Total: 444 creatures vanquished

Notes
Turn   | Place    | Note
-------+----------+-------------------------------------------
     0 | D:5      | flotson the Demonspawn Delver began the quest for the Orb.
     0 | D:5      | Reached XP level 1. HP: 18/18 MP: 1/1
    43 | D:5      | Gained mutation: A weak demonic guardian rushes to your
                  | aid. [demonic ancestry]
    43 | D:5      | Reached XP level 2. HP: 19/24 MP: 2/2
   450 | D:1      | Reached skill level 1 in Evocations
   529 | D:1      | Gained mutation: A demonic guardian rushes to your aid.
                  | [demonic ancestry]
   529 | D:1      | Reached XP level 3. HP: 29/29 MP: 3/3
   713 | D:1      | Found a faded altar of an unknown god.
   756 | D:1      | Reached skill level 1 in Armour
  1189 | D:2      | Found Tuoluf's Antique Armour Emporium.
  1791 | D:3      | Gained mutation: You have large cloven feet. [demonic
                  | ancestry]
  1791 | D:3      | Reached XP level 4. HP: 35/35 MP: 4/4
  2123 | D:4      | Found a shadowy altar of Dithmenos.
  2135 | D:4      | Reached skill level 1 in Throwing
  2161 | D:4      | Noticed a black bear
  2171 | D:4      | Killed a black bear
  2172 | D:4      | Gained mutation: You are partially covered in razor-sharp
                  | scales. (AC +1, Slay +1) [demonic ancestry]
  2172 | D:4      | Reached XP level 5. HP: 39/42 MP: 5/5
  2255 | D:4      | Noticed Sigmund
  2267 | D:4      | Killed Sigmund
  2268 | D:4      | Reached skill level 4 in Fighting
  2268 | D:4      | Gained mutation: You are partially covered in sharp spines.
                  | [demonic ancestry]
  2268 | D:4      | Reached XP level 6. HP: 43/48 MP: 6/6
  2284 | D:4      | Found a staircase to the Ecumenical Temple.
  2290 | Temple   | Entered the Ecumenical Temple
  2298 | Temple   | Became a worshipper of Gozag Ym Sagoz the Greedy
  2557 | D:4      | Found a broken altar of Ashenzari.
  2557 | D:4      | Found a stormy altar of Qazlal.
  2842 | D:5      | Gained mutation: You are mostly covered in razor-sharp
                  | scales. (AC +2, Slay +2) [demonic ancestry]
  2842 | D:5      | Reached XP level 7. HP: 48/54 MP: 7/7
  3105 | D:5      | Noticed Ijyb
  3114 | D:5      | Killed Ijyb
  3412 | D:6      | Reached XP level 8. HP: 61/61 MP: 8/8
  3668 | D:6      | Reached skill level 5 in Fighting
  3872 | D:7      | Found a flagged portal.
  3881 | Bailey   | Entered a bailey
  4049 | Bailey   | Noticed an orc knight
  4126 | Bailey   | Gained mutation: You have hoof-like feet. [demonic
                  | ancestry]
  4126 | Bailey   | Reached XP level 9. HP: 69/69 MP: 9/9
  4138 | Bailey   | Killed an orc knight
  4139 | Bailey   | Reached skill level 5 in Evocations
  4181 | Bailey   | Noticed an orc knight
  4197 | Bailey   | Killed an orc knight
  4198 | Bailey   | Reached skill level 6 in Fighting
  4198 | Bailey   | Reached skill level 5 in Axes
  4198 | Bailey   | Reached skill level 5 in Dodging
  4339 | D:7      | Reached skill level 5 in Armour
  4655 | D:7      | Noticed Menkaure
  4661 | D:7      | Killed Menkaure
  4758 | D:7      | Noticed a +0 short sword
  4759 | D:7      | Noticed a +0 short sword
  4759 | D:7      | Noticed a +0 spear
  4759 | D:7      | Noticed a +0 spear
  4759 | D:7      | Noticed a +0 falchion
  4760 | D:7      | Noticed a +0 falchion
  4760 | D:7      | Noticed a +0 dagger
  4763 | D:7      | Noticed a +0 dagger
  4770 | D:7      | Found a hide-covered altar of Uskayaw.
  4976 | D:7      | Noticed a manticore
  4999 | D:7      | Killed a manticore
  5000 | D:7      | Reached skill level 5 in Throwing
  5000 | D:7      | Reached XP level 10. HP: 69/77 MP: 10/10
  5419 | D:7      | Found a runed translucent door.
  5420 | D:7      | Noticed Crazy Yiuf
  5428 | D:7      | Killed Crazy Yiuf
  5622 | D:8      | Reached skill level 1 in Shields
  5685 | D:8      | Reached skill level 7 in Fighting
  6137 | D:9      | Noticed a two-headed ogre
  6184 | D:9      | Found Otosm's General Store.
  6438 | D:9      | Found a staircase to the Lair.
  6450 | D:9      | Noticed Joseph
  6460 | D:9      | Killed Joseph
  6508 | D:9      | Found a blossoming altar of Fedhas.
  6581 | D:9      | Noticed Gastronok
  6602 | D:9      | Killed Gastronok
  6603 | D:9      | Gained mutation: A powerful demonic guardian rushes to your
                  | aid. [demonic ancestry]
  6603 | D:9      | Reached XP level 11. HP: 20/84 MP: 11/11
  6733 | D:9      | Killed a two-headed ogre
  6868 | D:9      | Found a sparkling altar of Nemelex Xobeh.
  7017 | D:10     | Entered Level 10 of the Dungeon
  7782 | D:10     | Found a snail-covered altar of Cheibriados.
  7909 | Lair:1   | Entered Level 1 of the Lair of Beasts
  7920 | Lair:1   | Noticed an oklob plant
  7920 | Lair:1   | Noticed an oklob plant
  7921 | Lair:1   | Noticed an oklob plant
  8025 | Lair:1   | Reached skill level 8 in Fighting
  8247 | Lair:1   | Found a transporter.
  8274 | Lair:1   | Noticed a death yak
  8275 | Lair:1   | Noticed a death yak
  8275 | Lair:1   | Noticed a death yak
  8289 | Lair:1   | Noticed a death yak
  8305 | Lair:1   | Killed a death yak
  8584 | Lair:1   | Noticed a death yak
  8586 | Lair:1   | Noticed a death yak
  8611 | Lair:1   | Killed a death yak
  8666 | Lair:1   | Noticed a death yak
  8713 | Lair:1   | Killed a death yak
  8761 | Lair:1   | Killed a death yak
  8762 | Lair:1   | Reached XP level 12. HP: 53/94 MP: 12/12
  8838 | Lair:1   | Noticed a death yak
  8862 | Lair:1   | Noticed a death yak
  8889 | Lair:1   | Killed a death yak
  8891 | Lair:1   | Killed a death yak
  8893 | Lair:1   | Killed a death yak
  8895 | Lair:1   | Killed a death yak
  8896 | Lair:1   | Killed a death yak
  8962 | Lair:1   | Found a transporter.
  9464 | Lair:2   | Reached skill level 5 in Shields
  9546 | Lair:2   | Found a staircase to the Shoals.
  9717 | Lair:2   | Noticed a catoblepas
  9796 | Lair:2   | Killed a catoblepas
  9797 | Lair:2   | Reached skill level 9 in Fighting
 10680 | Lair:3   | Found a runed translucent gate.
 10680 | Lair:3   | Found a runed translucent gate.
 10681 | Lair:3   | Found a runed translucent gate.
 10681 | Lair:3   | Noticed PyroL's ghost (journeyman BaFi)
 10706 | Lair:3   | Identified the +2 robe "Joxul" {rElec Will- SInv}
 10918 | Lair:3   | Gained mutation: You are completely covered in razor-sharp
                  | scales. (AC +3, Slay +3) [demonic ancestry]
 10918 | Lair:3   | Reached XP level 13. HP: 81/101 MP: 13/13
 11688 | Lair:3   | Found a hole to the Spider Nest.
 11968 | Lair:4   | Found a staircase to the Slime Pits.
 11989 | Lair:4   | Found a viscous altar of Jiyva.
 12386 | Lair:4   | Found a basalt altar of Yredelemnul.
 12988 | Lair:5   | Entered Level 5 of the Lair of Beasts
 13327 | Lair:5   | Reached skill level 10 in Fighting
 13394 | Lair:5   | Found a gate leading to a gauntlet.
 13400 | Lair:5   | HP: 5/103 [elephant (13)]
 13403 | Lair:5   | Slain by an elephant

Illustrated notes

Levels and vault maps discovered:
D:1:      minmay_arrival_doors, layout_basic, shapermc_ecumenical_altar_ellora
D:2:      layout_loops_ring, serial_shops, shop, kennysheep_decorative_pillar,
          minmay_worlds_worst_comb
D:3:      layout_loops_cross, st_stairs_2
D:4:      layout_loops_ring, nicolae_dithmenos_shadow_blocks,
          mainiacjoe_overflow_divided_tiny, minmay_temple_entry_steel_oval,
          serial_bayou_lagoon_b, uniq_sigmund
D:5:      layout_loops_ring, uniq_ijyb
D:6:      layout_cave_pools
D:7:      kennysheep_big_flooded_room, layout_layer_cave,
          nicolae_uskayaw_en_pointe, enter_bailey_8, uniq_menkaure,
          uniq_crazy_yiuf_cottage
D:8:      layout_rooms, nicolae_tso_besieged_by_evil
D:9:      layout_irregular_city, nemelex_diamond_rough_becter,
          mainiacjoe_overflow_small_starburst, david_lair_shrubbed,
          serial_shops, nicolae_shop_statue_plus, uniq_joseph, uniq_gastronok
D:10:     layout_loops_ring, kennysheep_slug_shrine
Temple:   nicolae_temple_two_arcs
Lair:1:   gammafunk_cloud_chamber, layout_regular_city, serial_rivers,
          chequers_serial_rivers_small_b, chequers_serial_rivers_small_3,
          chequers_serial_rivers_room_b, chequers_serial_rivers_micro_a,
          chequers_serial_rivers_room_b, disabler_island
Lair:2:   layout_gridlike, shoals_dummy_entry, serial_bayou,
          serial_bayou_lake_a, serial_bayou_ford_a, serial_bayou_crossing,
          serial_bayou_pond_b
Lair:3:   layout_roguey, spider_nest_entry_funnel_web,
          ebering_ghost_rock_garden, lemuel_fruit_fields, grunt_megastairs_2,
          lemuel_fruit_fields
Lair:4:   layout_regular_city, nicolae_slime_entry_slimehenge, basic_altar
Lair:5:   gammafunk_lair_ancient_temple, layout_hall_layers,
          gauntlet_entry_generic, serial_bayou_shore_a

Skill      XL: |  1  2  3  4  5  6  7  8  9 10 11 12 13 |
---------------+----------------------------------------+-----
Axes           | 2 3 4 5 6 7 8 9 |  9.0
Dodging        | 2 3 4 5 6 7 8 9 |  9.0
Evocations     | 1 2 3 4 5 6 7 8 9 |  9.5
Armour         | 1 2 3 4 5 6 7 8 |  8.8
Throwing       | 1 2 4 5 6 7 8 |  8.6
Fighting       | 4 5 6 7 8 9 10 | 10.0
Shields        | 2 4 5 6 |  6.7
Stealth        | |  4.5

Action                   |  1- 3 |  4- 6 |  7- 9 | 10-12 | 13-15 || total
-------------------------+-------+-------+-------+-------+-------++-------
Melee: Hand axe          |    20 |       |       |       |       ||    20
       Trident           |   115 |       |       |       |       ||   115
       Punch             |     3 |       |     3 |     1 |       ||     7
       Glaive            |       |    83 |    45 |       |       ||   128
       Kick              |       |    22 |    54 |   266 |   179 ||   521
       Club              |       |       |   128 |   562 |   345 ||  1035
 Fire: Sling             |       |       |       |     8 |       ||     8
Throw: Dart              |       |       |    24 |     5 |       ||    29
       Boomerang         |       |       |       |    35 |       ||    35
Evoke: Wand              |       |       |     5 |     3 |     2 ||    10
  Use: Potion            |     1 |       |       |       |     1 ||     2
       Scroll            |       |       |     9 |     4 |     9 ||    22
 Stab: Sleeping          |    21 |     5 |     4 |     9 |     2 ||    41
       Distracted        |       |     1 |     2 |     7 |    11 ||    21
       Invisible         |       |       |     4 |       |       ||     4
       Petrified         |       |       |       |       |     7 ||     7
Armor: Leather armour    |    28 |       |    17 |    64 |   100 ||   209
       Ring mail         |     1 |    36 |    26 |       |       ||    63
Dodge: Dodged            |    67 |    60 |   169 |   460 |   411 ||  1167
Block: Kite shield       |       |       |       |   253 |   277 ||   530

Table legend: (Time is in decaauts)
 A = Elapsed time spent in this place.
 B = Non-inter-level travel time spent in this place.
 C = Inter-level travel time spent in this place.
 D = Time resting spent in this place.
 E = Time spent auto-exploring this place.
 F = Levels seen in this place.
 G = Mean time per level.
                   A        B        C        D        E       F      G
               +--------+--------+--------+--------+--------+-----+--------+
         Total |  13815 |  13163 |    652 |    145 |   9128 |  17 |  812.6 |
       Dungeon |   7705 |   7319 |    386 |      0 |   5420 |  10 |  770.5 |
        Temple |     16 |      8 |      8 |      0 |      0 |   1 |   16.0 |
          Lair |   5670 |   5412 |    258 |    145 |   3488 |   5 | 1134.0 |
        Bailey |    422 |    422 |      0 |      0 |    220 |   1 |  422.0 |
               +--------+--------+--------+--------+--------+-----+--------+

Top non-repeatable levels by time:
  Lair:3: 1394 daAuts
  Lair:1: 1383 daAuts
  Lair:2: 1321 daAuts
     D:7: 1276 daAuts
  Lair:4: 1268 daAuts
     D:9: 999 daAuts
    D:10: 864 daAuts
     D:4: 813 daAuts
     D:2: 693 daAuts
     D:5: 686 daAuts
     D:8: 662 daAuts
     D:3: 637 daAuts
     D:1: 585 daAuts
     D:6: 487 daAuts
  Bailey: 422 daAuts
